 Dungeon Crawl Stone Soup version 0.30-b1-2-g02819fbbbe (webtiles) character file.

Game seed: 5329396629979957537

1536 tiredeye the Magician (level 9, -7/57 HPs)
             Began as a Djinni Fire Elementalist on June 8, 2023.
             Was an Initiate of Makhleb.
             Mangled by an unseen horror (8 damage)
             ... on level 6 of the Dungeon.
             The game lasted 00:32:26 (5880 turns).

tiredeye the Magician (Djinni Fire Elementalist)    Turns: 5880, Time: 00:32:27

Health: -7/57      AC:  3    Str:  7    XL:     9   Next: 11%
Gold:   285        EV: 13    Int: 22    God:    Makhleb [......] SH:  0 Dex: 13

rFire   + + .        n - staff of conjuration
rCold   x . .        (no shield)
rNeg    + . .        a - +1 robe
rPois   ∞            (no helmet)
rElec   .            (no cloak)
rCorr   +            (no gloves)
SInv    .            (boots unavailable)
Will    .....        (no amulet)
Stlth   ++           e - ring of resist corrosion
HPRegen 0.29/turn    h - ring of positive energy
MPRegen 0.00/turn

%: infuse magic (-8 HP)
@: flying
A: sickness immunity, fire resistance 2, cold vulnerability 1, float, innate
caster, HP casting, extra vitality 1
a: Renounce Religion


You were on level 6 of the Dungeon.
You worshipped Makhleb.
Makhleb was noncommittal.
You visited 2 branches of the dungeon, and saw 7 of its levels.

You collected 285 gold pieces.

Inventory:

Hand Weapons
 i - a +4 dagger of speed
 l - a +0 sling
 p - a +2 dagger of venom
Missiles
 d - 5 javelins
Armour
 a - a +1 robe (worn)
Magical Staves
 n - a staff of conjuration (weapon)
Jewellery
 e - a ring of resist corrosion (left hand)
 f - a ring of ice
 h - a ring of positive energy (right hand)
 r - a ring of see invisible
Wands
 t - a wand of digging (6)
Scrolls
 b - a scroll of blinking {unknown}
 c - 6 scrolls of identify
 k - a scroll of fog
 v - a scroll of magic mapping
 y - 2 scrolls of enchant armour
Potions
 g - 3 potions of brilliance
 j - a potion of lignification
 m - a potion of haste {unknown}
 o - 3 potions of mutation {unknown}
 q - a potion of attraction {unknown}
 s - a potion of might
 u - a potion of flight {unknown}
 w - a potion of invisibility {unknown}
 z - a potion of resistance {unknown}


   Skills:
 + Level 1.2 Fighting
 + Level 0.8 Short Blades
 + Level 3.6 Dodging
 + Level 3.3 Stealth
 + Level 7.8 Spellcasting


You knew the following spells:

 Your Spells              Type           Power      Damage    Failure   Level
a - Foxfire               Conj/Fire      100%       2x1d9     1%          1
b - Scorch                Fire           86%        2d9       1%          2
c - Volatile Blastmotes   Fire/Tloc      86%        2d17      1%          3
d - Inner Flame           Hex/Fire       43%        N/A       1%          3
e - Flame Wave            Conj/Fire      60%        2d14      3%          4
f - Sting                 Tmut/Pois      100%       1d8       1%          1
g - Searing Ray           Conj           100%       2d8       1%          2
h - Passwall              Tmut/Erth      35%        N/A       1%          2
i - Manifold Assault      Tloc           43%        N/A       3%          4
Your spell library was empty.

Dungeon Overview and Level Annotations

Branches:
Dungeon (6/15)             Temple (1/1) D:5

Altars:
Ashenzari
Cheibriados
Dithmenos
Elyvilon
Fedhas
Gozag
Makhleb
Nemelex Xobeh
Okawaru
Qazlal
Ru
Trog
Wu Jian
Xom
Yredelemnul
The Shining One

Shops:
D:6 (


Innate Abilities, Weirdness & Mutations

You are immune to sickness and miasma.
You are immune to poison.
Your flesh is very heat resistant. (rF++)
You are vulnerable to cold. (rC-)
You float through the air rather than walking.
You learn spells naturally, not from books.
Your magical power is your life essence.
You have superior vitality. (+4 MHP)


Message History

Makhleb accepts your kill.
Your foxfire dissipates!
Found a stone staircase leading down.
Something hits you!
Deactivating autopickup; reactivate with Ctrl-A.
Something hits you! Something hits you but does no damage.
Casting: Foxfire (safe; 1% risk of failure)
Confirm with . or Enter, or press ? or * to list all spells.
You feel a surge of power!
You conjure some foxfire!
Something hits you.
Casting: Foxfire (safe; 1% risk of failure)
Confirm with . or Enter, or press ? or * to list all spells.
You feel a surge of power!
You conjure some foxfire!
The foxfire hits something. x2; Something hits you!
Casting: Foxfire (safe; 1% risk of failure)
Confirm with . or Enter, or press ? or * to list all spells.
You feel a surge of power!
You conjure some foxfire!
The foxfire hits something but does no damage.
Something hits you.
The foxfire hits something but does no damage.
Something hits you but does no damage.
Casting: Foxfire (safe; 1% risk of failure)
Confirm with . or Enter, or press ? or * to list all spells.
You feel a surge of power!
You conjure some foxfire!
The foxfire hits something but does no damage.
Something hits you!
* * * LOW HITPOINT WARNING * * *
Something hits you but does no damage.
Your foxfire dissipates!
The foxfire hits something.
Something hits you.
* * * LOW HITPOINT WARNING * * *
Casting: Foxfire (safe; 1% risk of failure)
Confirm with . or Enter, or press ? or * to list all spells.
You feel a surge of power!
You conjure some foxfire!
* * * LOW HITPOINT WARNING * * *
Something hits you!
* * * LOW HITPOINT WARNING * * *
Something hits you.
* * * LOW HITPOINT WARNING * * *
Something hits you!
You die...

...............##
.#.
.....##.....###
.## #..###...### #
#..........##
##.###............
........##......##
##......###.##.##
#..###v..#...## ##
##@##...# #v.#
#..# #..# ...
#.... #.....
##....# ###.## ##


There were no monsters in sight!

Vanquished Creatures
  Grinder (D:3)
  An ice beast (D:6)
  2 ogres (D:5)
  A centaur (D:6)
  2 phantoms (D:4)
  The ghost of Manslay the Conjurer, an amateur OpCj (D:3)
  2 bullfrogs (D:6)
  4 scorpions
  A gnoll sergeant (D:4)
  2 hounds
  A sleepcap (D:4)
  2 orc wizards
  11 adders
  5 gnolls (D:4)
  An ufetubus (D:5)
  A worm (D:2)
  A dart slug (D:5)
  10 orcs
  A bat (D:2)
  14 endoplasms
  7 goblins
  7 hobgoblins
  8 kobolds
  3 quokkas
  8 ball pythons
  3 frilled lizards
  8 rats
  A spectral hobgoblin (D:3)
109 creatures vanquished.

Vanquished Creatures (others)
  293 foxfires
293 creatures vanquished.

Grand Total: 402 creatures vanquished

Notes
Turn   | Place    | Note
-------+----------+-------------------------------------------
     0 | D:1      | tiredeye the Djinni Fire Elementalist began the quest for
                  | the Orb.
     0 | D:1      | tiredeye set off with the following spells memorised:
                  | Foxfire, Scorch, Volatile Blastmotes, Inner Flame, Flame
                  | Wave.
     0 | D:1      | Reached XP level 1. HP: 15/15 MP: 0/0
   171 | D:1      | Reached XP level 2. HP: 20/21 MP: 0/0
   623 | D:1      | Reached skill level 3 in Spellcasting
   929 | D:2      | Reached XP level 3. HP: 23/25 MP: 0/0
   929 | D:2      | Learned a level 1 spell: Sting
  1087 | D:2      | Reached XP level 4. HP: 31/31 MP: 0/0
  1322 | D:2      | Found an opulent altar of Gozag.
  1750 | D:3      | Found a bloodstained altar of Trog.
  1897 | D:3      | Reached XP level 5. HP: 35/35 MP: 0/0
  1897 | D:3      | Learned a level 2 spell: Searing Ray
  2001 | D:3      | Reached skill level 4 in Spellcasting
  2042 | D:3      | Found a runed translucent gate.
  2042 | D:3      | Found a runed translucent gate.
  2042 | D:3      | Found a runed translucent gate.
  2043 | D:3      | Noticed Manslay's ghost (amateur OpCj)
  2059 | D:3      | Killed Manslay's ghost
  2060 | D:3      | Reached XP level 6. HP: 33/40 MP: 0/0
  2156 | D:3      | Noticed Grinder
  2182 | D:3      | Killed Grinder
  2183 | D:3      | Reached skill level 5 in Spellcasting
  2183 | D:3      | Reached XP level 7. HP: 11/46 MP: 0/0
  2183 | D:3      | Learned a level 2 spell: Passwall
  2353 | D:3      | Found a faded altar of an unknown god.
  3438 | D:4      | Reached skill level 1 in Fighting
  3438 | D:4      | Reached skill level 6 in Spellcasting
  3552 | D:4      | Reached XP level 8. HP: 48/52 MP: 0/0
  4267 | D:5      | Entered Level 5 of the Dungeon
  4597 | D:5      | Found a staircase to the Ecumenical Temple.
  4635 | Temple   | Entered the Ecumenical Temple
  4815 | Temple   | Became a worshipper of Makhleb the Destroyer
  5029 | D:5      | Reached skill level 7 in Spellcasting
  5114 | D:5      | Identified the +0 pair of boots of Polytheism {*Slow rPois
                  | rC+++}
  5328 | D:6      | Found Oziunist's Antique Weapon Emporium.
  5369 | D:6      | Reached XP level 9. HP: 38/57 MP: 0/0
  5369 | D:6      | Learned a level 4 spell: Manifold Assault
  5880 | D:6      | HP: 2/57 [something (9)]
  5880 | D:6      | Mangled by an unseen horror

Illustrated notes

Levels and vault maps discovered:
D:1:      minmay_arrival_four_loops, layout_loops_ring, st_stairs_7, minivault_4
D:2:      layout_loops_cross, basic_altar, minmay_statues_item, minmay_between
D:3:      layout_loops_ring, pf_just_have_faith,
          dreamdust_ecumenical_altar_drowned_temple, portal_sewer_entry_d,
          ebering_ghost_rock_garden, dreamdust_mushroom_princess, uniq_grinder
D:4:      layout_layer_cave, fountainhead
D:5:      layout_rooms, minmay_temple_entry_water_ring, kennysheep_doodads
D:6:      layout_cave_pools, zin_treasury, serial_shops, shop,
          chequers_arboretum, lightli_orcish_oven
Temple:   bh_familiar_temple

Skill      XL: |  1  2  3  4  5  6  7  8 |
---------------+-------------------------+-----
Spellcasting   | 3 4 5 6 7 |  7.8
Stealth        | 2 3 |  3.3
Dodging        | 3 |  3.6
Fighting       | 1 |  1.2
Short Blades   | |  0.8

Action                     |  1- 3 |  4- 6 |  7- 9 || total
---------------------------+-------+-------+-------++-------
  Melee: Unarmed           |    12 |       |       ||    12
         Dagger            |     1 |     1 |       ||     2
         Staff             |       |       |     5 ||     5
   Cast: Foxfire           |    65 |    47 |    84 ||   196
         Scorch            |       |     9 |    24 ||    33
         Volatile Blastmot |       |     1 |     1 ||     2
         Searing Ray       |       |       |    34 ||    34
         Inner Flame       |       |       |     1 ||     1
         Flame Wave        |       |       |     1 ||     1
         Manifold Assault  |       |       |     2 ||     2
    Use: Scroll            |     2 |       |     7 ||     9
         Potion            |       |       |     7 ||     7
 Armour: Robe              |     3 |     2 |    10 ||    15
         Skin              |       |       |     3 ||     3
  Dodge: Dodged            |    20 |     6 |    17 ||    43
